 Dungeon Crawl Stone Soup version 0.28.0-45-g0d030f2227 (webtiles) character file.

Game seed: 2217027542671389422

412 gohu the Chopper (level 6, -3/56 HPs)
             Began as a Minotaur Fighter on May 1, 2022.
             Was an Initiate of Okawaru.
             Slain by Edmund
             ... wielding a +1 dire flail of protection
              (7 damage)
             ... on level 4 of the Dungeon.
             The game lasted 00:04:27 (2698 turns).

gohu the Chopper (Minotaur Fighter)                 Turns: 2698, Time: 00:04:27

Health: -3/56      AC: 10    Str: 23    XL:     6   Next: 59%
Magic:  5/5        EV:  7    Int:  5    God:    Okawaru [......]
Gold:   83         SH:  4    Dex:  9    Spells: 5/5 levels left

rFire   . . .      SeeInvis .   a - +0 war axe
rCold   . . .      Faith    .   c - +0 buckler
rNeg    . . .      Spirit   .   f - +0 chain mail
rPois   +          Reflect  .   (helmet restricted)
rElec   .          Harm     .   r - +0 cloak
rCorr   .          Rampage  .   (no gloves)
Will    .....                   (no boots)
Stlth   ..........              (no amulet)
HPRegen 0.18/turn               i - ring of poison resistance
MPRegen 0.09/turn               (no ring)

@: mighty
A: horns 2, retaliatory headbutt
a: Renounce Religion


You were on level 4 of the Dungeon.
You worshipped Okawaru.
Okawaru was noncommittal.
You visited 1 branch of the dungeon, and saw 4 of its levels.

You collected 83 gold pieces.

Inventory:

Hand Weapons
 a - a +0 war axe (weapon)
Armour
 b - a +0 scale mail
 c - a +0 buckler (worn)
 f - a +0 chain mail (worn)
 r - a +0 cloak (worn)
Jewellery
 i - a ring of poison resistance (left hand)
Scrolls
 e - a scroll of fog {unknown}
 h - 2 scrolls of teleportation {unknown}
 j - a scroll of amnesia {unknown}
 l - a scroll of enchant weapon {unknown}
 m - a scroll of noise {unknown}
 n - 6 scrolls of identify {unknown}
 p - 2 scrolls of magic mapping {unknown}
 u - a scroll of brand weapon {unknown}
Potions
 d - a potion of might
 g - 2 potions of attraction {unknown}
 k - a potion of experience {unknown}
 q - a potion of mutation {unknown}
 s - a potion of lignification {unknown}
 t - a potion of cancellation {unknown}


   Skills:
 + Level 5.0 Fighting
 * Level 7.6 Axes
 + Level 4.0 Armour
 - Level 3.6 Shields


You had 5 spell levels left.
You didn't know any spells.
Your spell library contained the following spells:

 Spells                   Type           Power      Damage    Failure   Level
 Freeze                   Ice            0%         1d3       99%         1
 Frozen Ramparts          Ice            0%         1d2       100%        3
 Hailstorm                Conj/Ice       0%         3d3       100%        4


Dungeon Overview and Level Annotations

Branches:
Dungeon (4/15)
 Temple: D:4-7

Altars:
Okawaru

Shops:
D:2 :

Annotations:
D:4 Edmund


Innate Abilities, Weirdness & Mutations

You have a pair of horns on your head.
You reflexively headbutt those who attack you in melee.


Message History

Okawaru accepts your kill.
You hear a shout!
Things that are here:
a wand of flame (16); 7 gold pieces Edmund drinks a potion.
Edmund seems to grow stronger.
Things that are here:
a wand of flame (16); 7 gold pieces You see here a fizzy green potion.
Throw: throwing net
Press: ? - help, Q - select action Shift-Dir - straight line, f - Edmund
Aim: Edmund, wielding a +1 dire flail of protection and wearing a +0 ring mail (strong, 60% to hit)
You throw a throwing net. The throwing net closely misses Edmund.
Edmund hits you with a +1 dire flail of protection!
You hit Edmund but do no damage. Your headbutt misses Edmund.
You hit the howler monkey skeleton. The howler monkey skeleton hits you.
Edmund hits you with a +1 dire flail of protection!
You slash the howler monkey skeleton!
You destroy the howler monkey skeleton!
Okawaru accepts your kill.
You hit Edmund but do no damage. You block Edmund's attack.
You slash Edmund!
Edmund is moderately wounded.
Edmund hits you with a +1 dire flail of protection!
You are too injured to fight recklessly!
You feel very mighty all of a sudden.
Edmund hits you with a +1 dire flail of protection!
* * * LOW HITPOINT WARNING * * *
You slash Edmund!
Edmund is heavily wounded.
Edmund says, "I might not be good at magic, but I can still kill you!"
You block Edmund's attack.
You barely miss Edmund.
Edmund is heavily wounded.
Edmund barely misses you. You furiously retaliate!
You headbutt Edmund. You closely miss Edmund. Your headbutt misses Edmund.
Edmund is heavily wounded.
Edmund hits you with a +1 dire flail of protection!
* * * LOW HITPOINT WARNING * * *
Edmund hits you with a +1 dire flail of protection!
You die...

##### ##. ......##### ..#
)###.....†>. ####.##.
..[....... ...#.......####..##
. ###.....#.. ##...
...#######.........#######..).
.............##.##.........##†
.......(/...@@...[..########..
...##......####.##.## ##..#
#.###### #.##.#######..## #.
#............## #
#............##
#..............#
#..............#
#............).#
#.........>....#


You could see Edmund (strong).

Vanquished Creatures
  Sigmund (D:2)
  2 hounds
  Jessica (D:3)
  A howler monkey skeleton (D:4)
  9 adders
  2 worms (D:2)
  8 ball pythons
  5 endoplasms
  2 giant cockroaches
  9 goblins
  7 hobgoblins
  3 jackals (D:2)
  6 kobolds
  2 quokkas
  9 bats
  6 frilled lizards
  4 rats
77 creatures vanquished.

Notes
Turn   | Place    | Note
-------+----------+-------------------------------------------
     0 | D:1      | gohu the Minotaur Fighter began the quest for the Orb.
     0 | D:1      | Reached XP level 1. HP: 19/19 MP: 0/0
   274 | D:1      | Reached XP level 2. HP: 27/27 MP: 1/1
   319 | D:1      | Reached skill level 3 in Axes
   380 | D:1      | Found a faded altar of an unknown god.
   750 | D:2      | Reached XP level 3. HP: 33/33 MP: 2/2
  1035 | D:2      | Found Ucwiessa's Book Emporium.
  1046 | D:2      | Reached skill level 4 in Axes
  1307 | D:2      | Reached XP level 4. HP: 41/41 MP: 3/3
  1386 | D:2      | Noticed Sigmund
  1429 | D:2      | Killed Sigmund
  1430 | D:2      | Reached skill level 6 in Axes
  1430 | D:2      | Reached XP level 5. HP: 37/47 MP: 4/4
  1917 | D:3      | Reached XP level 6. HP: 53/55 MP: 5/5
  1945 | D:3      | Reached skill level 7 in Axes
  1948 | D:3      | Noticed Jessica
  1972 | D:3      | Killed Jessica
  2293 | D:3      | Found an iron altar of Okawaru.
  2306 | D:3      | Became a worshipper of Warmaster Okawaru
  2566 | D:4      | Reached skill level 5 in Fighting
  2679 | D:4      | Noticed Edmund
  2698 | D:4      | Slain by Edmund

Illustrated notes

Levels and vault maps discovered:
D:1:      matt_arrival_grand_opening, layout_loops_ring,
          ebering_ecumenical_altar_mist
D:2:      layout_basic, serial_shops, nicolae_shop_statue_plus,
          kennysheep_cross_bottleneck, uniq_sigmund
D:3:      layout_rooms, okawaru_gym_becter, uniq_jessica
D:4:      layout_rooms, trog_antimagical, minmay_temple_entry_nine_rooms,
          kennysheep_diamond, uniq_edmund

Skill      XL: |  1  2  3  4  5  6 |
---------------+-------------------+-----
Fighting       | 4 5 |  5.0
Axes           | 3 4 6 7 |  7.6
Armour         | 4 |  4.0
Shields        | |  3.6

Action                   |  1- 3 |  4- 6 || total
-------------------------+-------+-------++-------
Melee: War axe           |    69 |   108 ||   177
       Headbutt          |     9 |    13 ||    22
Throw: Throwing net      |       |     2 ||     2
  Use: Potion            |       |     2 ||     2
Armor: Chain mail        |    43 |    59 ||   102
       Scale mail        |     2 |       ||     2
Dodge: Dodged            |    16 |    39 ||    55
Block: Buckler           |    13 |    23 ||    36
